 Dungeon Crawl Stone Soup version 0.30-a0-637-gacddeb6d44 (webtiles) character file.

Game seed: 5070488018854403445

1144 Leeroy the Carver (level 8, -6/44 HPs)
             Began as a Tengu Warper on Jan 15, 2023.
             Was a Follower of Uskayaw.
             Engulfed by a cloud of steam (9 damage)
             ... on level 6 of the Dungeon.
             The game lasted 00:09:23 (4005 turns).

Leeroy the Carver (Tengu Warper)                    Turns: 4005, Time: 00:09:24

Health: -6/44      AC:  9    Str: 11    XL:     8   Next: 37%
Magic:  12/12      EV: 15    Int: 14    God:    Uskayaw [*.....]
Gold:   273        SH:  0    Dex: 16    Spells: 3/11 levels left

rFire   . . .      SeeInvis .    D - +2 long sword (freeze)
rCold   . . .      Faith    .    (no shield)
rNeg    . . .      Spirit   .    b - +0 leather armour
rPois   .          Reflect  .    t - +2 hat
rElec   .          Harm     .    (no cloak)
rCorr   .          Rampage  .    (no gloves)
Will    .....                    (boots unavailable)
Stlth   +                        (no amulet)
HPRegen 0.27/turn                k - +4 ring of protection
MPRegen 0.13/turn                u - ring of wizardry

@: flying quickly and evasively, quick
A: beak, talons 3, nimble flight
a: Renounce Religion, Stomp


You were on level 6 of the Dungeon.
You worshipped Uskayaw.
Uskayaw was noncommittal.
You visited 2 branches of the dungeon, and saw 7 of its levels.
You also visited: Sewer.

You collected 273 gold pieces.

Inventory:

Hand Weapons
 a - a +1 falchion
 D - a +2 long sword of freezing (weapon)
Missiles
 d - 7 boomerangs of dispersal
 p - 4 boomerangs
Armour
 b - a +0 leather armour (worn)
 t - a +2 hat (worn)
Jewellery
 k - a +4 ring of protection (left hand)
 l - a +6 ring of strength
 u - a ring of wizardry (right hand)
 y - a ring of protection from fire
Wands
 w - a wand of flame (18) (quivered)
Scrolls
 c - a scroll of blinking
 g - 2 scrolls of immolation
 m - 2 scrolls of enchant weapon
 o - 2 scrolls of silence
 x - a scroll of teleportation {unknown}
 z - 2 scrolls of poison {unknown}
 A - a scroll of magic mapping
Potions
 e - 3 potions of haste {unknown}
 f - 4 potions of resistance {unknown}
 h - 2 potions of heal wounds {unknown}
 i - 4 potions of curing
 j - 2 potions of lignification {unknown}
 n - 3 potions of might {unknown}
 q - 2 potions of flight {unknown}
 s - a potion of berserk rage {unknown}
 v - 2 potions of attraction {unknown}
 B - a potion of brilliance {unknown}


   Skills:
 - Level 2.0 Fighting
 + Level 10.5 Long Blades
 - Level 1.0 Throwing
 - Level 1.1 Armour
 + Level 3.3 Dodging
 - Level 2.0 Spellcasting
 - Level 2.4 Translocations


You had 3 spell levels left.
You knew the following spells:

 Your Spells              Type           Power      Damage    Failure   Level
a - Blink                 Tloc           16%        N/A       8%          2
b - Vhi's Electric Charg  Tloc/Air       8%         N/A       22%         3
c - Teleport Other        Tloc           8%         N/A       14%         3

Your spell library contained the following spells:

 Spells                   Type           Power      Damage    Failure   Level
 Lesser Beckoning         Tloc           16%        N/A       14%         3
 Portal Projectile        Hex/Tloc       8%         N/A       22%         3
 Dazzling Flash           Conj/Hex       2%         N/A       34%         3
 Tukima's Dance           Hex            1%         N/A       34%         3
 Manifold Assault         Tloc           8%         N/A       41%         4
 Iskenderun's Mystic Bla  Conj/Tloc      4%         2d3       56%         4
 Blade Hands              Tmut           0%         N/A       96%         5
 Starburst                Conj/Fire      0%         6d3       100%        6


Dungeon Overview and Level Annotations

Branches:
Dungeon (6/15)             Temple (1/1) D:4           Sewer (visited)

Altars:
Ashenzari
Cheibriados
Dithmenos
Fedhas
Gozag
Hepliaklqana
Kikubaaqudgha
Makhleb
Nemelex Xobeh
Okawaru
Ru
Sif Muna
Trog
Uskayaw
Vehumet
Wu Jian
Yredelemnul
Zin
The Shining One

Shops:
D:3 :   D:6 =[*

Annotations:
D:5 Edmund


Innate Abilities, Weirdness & Mutations

You have a beak for a mouth.
You have claws for feet.
Your magical nature lets you fly swiftly and evasively.


Message History

The orc throws a boomerang.
The boomerang barely misses you.
Okay, then.
Okay, then.
The orc throws a boomerang.
The boomerang hits you but does no damage.
The orc throws a boomerang.
The boomerang hits you.
As you read the scroll of fog, it crumbles to dust.
The scroll dissolves into smoke.
You start resting.
A shadow imp is nearby!
You start resting.
There are monsters nearby!
The orc throws a boomerang.
The boomerang hits you but does no damage.
Okay, then.
Aiming: Throw Flame
Press: ? - help, Q - select action, (/) - cycle Shift-Dir - straight line, f - orc
Aim: an orc, wielding a +0 dagger and wearing a +0 leather armour (68% to hit)
The puff of flame hits the orc.
The orc is heavily wounded.
The orc throws a boomerang.
The boomerang completely misses you.
Aiming: Throw Flame
Press: ? - help, Q - select action, (/) - cycle Shift-Dir - straight line, f/p - orc
Aim: an orc, wielding a +0 dagger and wearing a +0 leather armour (heavily wounded, 68% to hit)
The shadow imp gestures at you. Pain shoots through your body!
* * * LOW HITPOINT WARNING * * *
Aiming: Throw Flame
Press: ? - help, Q - select action, (/) - cycle Shift-Dir - straight line, f - shadow imp
Aim: a shadow imp (64% to hit)
You are engulfed in a cloud of scalding steam.
* * * LOW HITPOINT WARNING * * *
The orc throws a boomerang.
The boomerang hits you but does no damage.
Aiming: Throw Flame
Press: ? - help, Q - select action, (/) - cycle Shift-Dir - straight line, f/p - shadow imp
Aim: a shadow imp (heavily wounded, wandering, hasn't noticed you, 64% to hit)
You feel a bit more experienced.
You are engulfed in a cloud of scalding steam.
You die...

####...... .....# .........≈
....##### ........≈≈
##.......# .......≈≈≈
#≈≈......# .......≈≈≈
#≈≈......# ......≈≈≈≈
#####≈≈≈.....# ..♣...####
#≈≈≈≈≈≈≈.....# ..........
#≈≈≈≈≈≈≈.##### #♣∩♣#.######
#≈≈@§≈≈≈h##..# #...#.≈≈≈≈≈#
###≈§§§≈.o...# #.♣.+..≈≈≈≈#
##≈§§5.....# #..##..≈≈≈≈#
##≈≈.##'####
#..##...≈≈≈#####.##o.#.....#
....'..).≈≈≈≈≈≈##....+.....#
....#..#...≈≈≈≈≈.....#.....#
########..........####.....#
.(........#####+#.....######


You could see a black bear and 2 orcs.

Vanquished Creatures
  A kobold brigand (D:6)
  Blork the orc (D:4)
  A scorpion (D:6)
  6 wights (D:6)
  4 killer bees (D:6)
  2 jellies
  A hound (D:4)
  An iguana (D:4)
  Natasha (D:3)
  2 orc wizards (D:6)
  A hell rat (Sewer)
  7 adders
  5 river rats
  4 shadow imps (D:6)
  A white imp (D:5)
  5 worms
  5 dart slugs
  7 orcs
  8 ball pythons
  6 endoplasms
  4 giant cockroaches
  7 hobgoblins
  7 jackals
  7 quokkas
  6 bats
  4 frilled lizards
  7 goblins
  8 kobolds
  13 rats
132 creatures vanquished.

Notes
Turn   | Place    | Note
-------+----------+-------------------------------------------
     0 | D:1      | Leeroy the Tengu Warper began the quest for the Orb.
     0 | D:1      | Reached XP level 1. HP: 12/12 MP: 4/4
   256 | D:1      | Reached skill level 3 in Long Blades
   256 | D:1      | Reached XP level 2. HP: 16/17 MP: 6/6
   512 | D:1      | Reached XP level 3. HP: 21/21 MP: 7/7
   559 | D:2      | Found a faded altar of an unknown god.
   568 | D:2      | Reached skill level 4 in Long Blades
   929 | D:2      | Reached XP level 4. HP: 26/26 MP: 8/8
  1166 | D:3      | Found a bloodstained altar of Trog.
  1342 | D:3      | Found Cyetyott's Book Shop.
  1348 | D:3      | Learned a level 2 spell: Blink
  1352 | D:3      | Learned a level 3 spell: Vhi's Electric Charge
  1449 | D:3      | Found a burning altar of Makhleb.
  1468 | D:3      | Reached skill level 5 in Long Blades
  1647 | D:4      | Noticed Natasha
  1648 | D:4      | Noticed Blork the orc
  1661 | D:3      | Killed Natasha
  1662 | D:3      | Gained mutation: Your magical nature lets you fly swiftly
                  | and evasively. [Tengu growth]
  1662 | D:3      | Reached XP level 5. HP: 23/30 MP: 9/9
  1750 | D:4      | Killed Blork the orc
  1751 | D:4      | Reached skill level 6 in Long Blades
  1819 | D:4      | Reached XP level 6. HP: 15/35 MP: 10/10
  1844 | D:4      | Found a glowing drain.
  1848 | Sewer    | Entered a sewer
  1916 | Sewer    | Reached skill level 7 in Long Blades
  2241 | Sewer    | Learned a level 3 spell: Teleport Other
  2699 | D:4      | Found a staircase to the Ecumenical Temple.
  2803 | Temple   | Entered the Ecumenical Temple
  2887 | Temple   | Became a worshipper of Uskayaw the Reveller
  2987 | D:5      | Entered Level 5 of the Dungeon
  2987 | D:5      | Noticed Edmund
  3029 | D:5      | Reached * piety under Uskayaw
  3030 | D:5      | Reached skill level 8 in Long Blades
  3057 | D:6      | Reached XP level 7. HP: 32/40 MP: 11/11
  3126 | D:6      | Reached ** piety under Uskayaw
  3208 | D:6      | Reached *** piety under Uskayaw
  3213 | D:6      | Reached **** piety under Uskayaw
  3375 | D:6      | Reached skill level 9 in Long Blades
  3430 | D:6      | Found a blossoming altar of Fedhas.
  3507 | D:6      | Reached ***** piety under Uskayaw
  3508 | D:6      | Reached XP level 8. HP: 19/44 MP: 10/12
  3650 | D:6      | Found Nito's Jewellery Boutique.
  3659 | D:6      | Reached skill level 10 in Long Blades
  3850 | D:6      | Found Gicaigh's Armour Emporium.
  3871 | D:6      | Found Hoisijas's Assorted Antiques.
  4004 | D:6      | HP: 2/44 [cloud of steam (9)]
  4005 | D:6      | Engulfed by a cloud of steam

Illustrated notes

Levels and vault maps discovered:
D:1:      minmay_arrival_semitransparent, layout_basic
D:2:      layout_basic, dreamdust_ecumenical_altar_statues
D:3:      layout_basic, mainiacjoe_overflow_catwalk, lemuel_doored_altar,
          serial_shops, nicolae_shop_behind_doors
D:4:      layout_basic, minmay_temple_entry_fiery, gup_sewer_entry_spiral,
          amethyst_killhole, kennysheep_generic_room_5, uniq_natasha,
          uniq_blork_the_orc
D:5:      layout_basic, kennysheep_mini_moat, serial_shops,
          nicolae_lakefront_shop, hangedman_decor_opposing,
          chequers_mini_garden, uniq_pikel, uniq_edmund
D:6:      layout_gridville, fedhas_ov_isle_minmay, serial_shops,
          nicolae_lakefront_shop, shop, nicolae_shop_hallway_stairs,
          nicolae_shop_trees, shop, grunt_decor_junction
Temple:   nicolae_temple_x_marks_the_god

Skill      XL: |  1  2  3  4  5  6  7  8 |
---------------+-------------------------+-----
Long Blades    | 3 4 5 6 8 9 10 | 10.5
Dodging        | 3 |  3.3
Fighting       | |  2.0
Throwing       | |  1.0
Armour         | |  1.1
Spellcasting   | |  2.0
Translocations | |  2.4

Action                   |  1- 3 |  4- 6 |  7- 9 || total
-------------------------+-------+-------+-------++-------
Melee: Falchion          |    72 |   196 |    68 ||   336
       Kick              |    19 |    43 |    24 ||    86
       Peck              |    10 |    30 |    14 ||    54
       Punch             |     1 |     3 |     2 ||     6
       Long sword        |       |       |    25 ||    25
 Cast: Blink             |       |     1 |     1 ||     2
Evoke: Wand              |       |     1 |    24 ||    25
  Use: Scroll            |       |     5 |     2 ||     7
       Potion            |       |       |     4 ||     4
 Stab: Sleeping          |       |     4 |       ||     4
       Distracted        |       |     1 |       ||     1
       Paralysed         |       |       |     5 ||     5
Armor: Leather armour    |    22 |    61 |    43 ||   126
Dodge: Dodged            |    44 |   112 |    87 ||   243

Table legend: (Time is in decaauts)
 A = Elapsed time spent in this place.
 B = Non-inter-level travel time spent in this place.
 C = Inter-level travel time spent in this place.
 D = Time resting spent in this place.
 E = Time spent auto-exploring this place.
 F = Levels seen in this place.
 G = Mean time per level.
                   A        B        C        D        E       F      G
               +--------+--------+--------+--------+--------+-----+--------+
         Total |   3875 |   3702 |    173 |    225 |   2494 |   8 |  484.4 |
       Dungeon |   3401 |   3241 |    160 |     25 |   2338 |   6 |  566.8 |
        Temple |     82 |     70 |     12 |      0 |     41 |   1 |   82.0 |
         Sewer |    391 |    391 |      0 |    200 |    114 |   1 |  391.0 |
               +--------+--------+--------+--------+--------+-----+--------+

Top non-repeatable levels by time:
     D:6: 904 daAuts
     D:4: 773 daAuts
     D:2: 596 daAuts
     D:3: 553 daAuts
     D:1: 548 daAuts
   Sewer: 391 daAuts
  Temple: 82 daAuts
     D:5: 25 daAuts
